 Dungeon Crawl Stone Soup version 0.30-a0-465-g8901f6c8b5 (webtiles) character file.

Game seed: 11456985239129895213

35 bande the Trooper (level 3, -2/24 HPs)
             Began as a Gargoyle Fighter on Dec 18, 2022.
             Slain by a gnoll
             ... wielding a +0 vorpal halberd
              (6 damage)
             ... on level 2 of the Dungeon.
             The game lasted 00:01:49 (1054 turns).

bande the Trooper (Gargoyle Fighter)                Turns: 1054, Time: 00:01:50

Health: -2/24      AC: 12    Str: 19    XL:     3   Next: 35%
Magic:  3/3        EV:  9    Int: 14    God:
Gold:   56         SH:  4    Dex: 11    Spells: 2/2 levels left

rFire   . . .      SeeInvis +    a - +0 war axe
rCold   . . .      Faith    .    c - +0 buckler
rNeg    + . .      Spirit   .    b - +0 scale mail
rPois   ∞          Reflect  .    g - +1 helmet {SInv}
rElec   +          Harm     .    (no cloak)
rCorr   .          Rampage  .    (no gloves)
Will    .....                    (no boots)
Stlth   ..........               (no amulet)
HPRegen 0.24/turn                j - +6 ring of intelligence
MPRegen 0.08/turn                (no ring)

@: no status effects
A: sickness immunity, AC +3, negative energy resistance 1, electricity
resistance, torment resistance 1, petrification resistance
a: no special abilities


You were on level 2 of the Dungeon.
You visited 1 branch of the dungeon, and saw 2 of its levels.

You collected 56 gold pieces.

Inventory:

Hand Weapons
 a - a +0 war axe (weapon)
Armour
 b - a +0 scale mail (worn)
 c - a +0 buckler (worn)
 g - a +1 helmet of see invisible (worn)
Jewellery
 j - a +6 ring of intelligence (left hand)
Potions
 d - 2 potions of might
 h - a potion of resistance
 i - a potion of flight


   Skills:
 + Level 3.9 Fighting
 + Level 2.2 Axes
 + Level 3.6 Armour
 + Level 3.6 Shields


You had 2 spell levels left.
You didn't know any spells.
Your spell library was empty.

Dungeon Overview and Level Annotations

Branches:
Dungeon (2/15)

Altars:


Innate Abilities, Weirdness & Mutations

You are immune to sickness and miasma.
Your stone body is resilient. (AC +3)
You are immune to poison.
You resist negative energy. (rN+)
You are resistant to electric shocks. (rElec)
You are resistant to unholy torment.
You are immune to petrification.


Message History

Your experience leads to an increase in your attributes!
Your base attributes are Str 19, Int 8, Dex 9.
Increase (S)trength, (I)ntelligence, or (D)exterity?
You feel agile. x2
You closely miss the gnoll. You barely miss the hobgoblin.
You block the gnoll's attack. The gnoll barely misses you.
The hobgoblin hits you but does no damage.
The gnoll hits you but does no damage. The gnoll closely misses you.
Unknown command.
You slash the gnoll!
The gnoll is severely wounded.
You hit the hobgoblin. You closely miss the hobgoblin.
The gnoll hits you with a +0 flail. The gnoll barely misses you.
The hobgoblin hits you but does no damage.
The hobgoblin barely misses you.
Unknown command.
You barely miss the gnoll.
The gnoll is severely wounded.
You closely miss the hobgoblin. You slash the hobgoblin!
You kill the hobgoblin!
The gnoll barely misses you. The gnoll closely misses you.
The hobgoblin barely misses you. x2; You block the gnoll's attack.
The gnoll hits you with a +0 flail!
* * * LOW HITPOINT WARNING * * *
You barely miss the gnoll.
The gnoll is severely wounded.
You hit the hobgoblin. You block the gnoll's attack.
The gnoll closely misses you. The hobgoblin barely misses you.
Unknown command.
You barely miss the gnoll.
The gnoll is severely wounded.
You slash the hobgoblin!
You kill the hobgoblin!
The gnoll hits you with a +0 flail.
* * * LOW HITPOINT WARNING * * *
You block the gnoll's attack.
You slash the gnoll!
You kill the gnoll!
The gnoll hits you from afar with a +0 vorpal halberd.
You die...

#.#.# #.# #.###.#
#.#.# #.# #.# #.#
#.#.# #.#####.# #.#
#.#.# #.......# #.#
#!#.##############.#
#...................
##..##############.#
#..# #.# #)@# #.#
#))# #.# ....g #..
.(...... ###
####...... ....#+##
..)... .......


You could see a gnoll.

Vanquished Creatures
  2 gnolls (D:2)
  4 bats (D:1)
  A goblin (D:1)
  3 hobgoblins
  3 jackals (D:1)
  5 kobolds
  2 quokkas (D:1)
  2 ball pythons (D:1)
  A frilled lizard (D:2)
  2 rats (D:1)
25 creatures vanquished.

Notes
Turn   | Place    | Note
-------+----------+-------------------------------------------
     0 | D:1      | bande the Gargoyle Fighter began the quest for the Orb.
     0 | D:1      | Reached XP level 1. HP: 14/14 MP: 1/1
    72 | D:1      | Reached XP level 2. HP: 19/19 MP: 2/2
  1049 | D:2      | Reached XP level 3. HP: 17/24 MP: 3/3
  1054 | D:2      | Slain by a gnoll

Illustrated notes

Levels and vault maps discovered:
D:1:      evilmike_arrival_grusome_pit, layout_basic
D:2:      layout_basic, basic_altar, hellmonk_ecumenical_altar_leap_of_faith

Skill      XL: |  1  2 |
---------------+-------+-----
Axes           | 2 |  2.2
Fighting       | |  3.9
Armour         | |  3.6
Shields        | |  3.6

Action                   || total
-------------------------++-------
Melee: War axe           ||    44
  Use: Scroll            ||     3
Armor: Scale mail        ||    26
Dodge: Dodged            ||    33
Block: Buckler           ||    16

Table legend: (Time is in decaauts)
 A = Elapsed time spent in this place.
 B = Non-inter-level travel time spent in this place.
 C = Inter-level travel time spent in this place.
 D = Time resting spent in this place.
 E = Time spent auto-exploring this place.
 F = Levels seen in this place.
 G = Mean time per level.
                   A        B        C        D        E       F      G
               +--------+--------+--------+--------+--------+-----+--------+
         Total |   1072 |   1010 |     62 |      0 |    828 |   2 |  536.0 |
       Dungeon |   1072 |   1010 |     62 |      0 |    828 |   2 |  536.0 |
               +--------+--------+--------+--------+--------+-----+--------+

Top non-repeatable levels by time:
     D:1: 932 daAuts
     D:2: 140 daAuts
